 Dungeon Crawl Stone Soup version 0.26-a0-667-g92642533e4 (webtiles) character file.

Game seed: 9283879602628636052

3314 Ijustatesigmund the Sneak (level 9, 0/46 HPs)
             Began as a Spriggan Wanderer on Oct 15, 2020.
             Was a Follower of Okawaru.
             Killed from afar by a manticore (11 damage)
             ... with a volley of spikes
             ... on level 8 of the Dungeon on Oct 16, 2020.
             The game lasted 00:36:19 (16831 turns).

Ijustatesigmund the Sneak (Spriggan Wanderer)      Turns: 16831, Time: 00:36:19

Health: 0/46       AC:  2    Str: 10    XL:     9   Next: 70%
Magic:  12/12      EV: 20    Int: 13    God:    Okawaru [*.....]
Gold:   626        SH: 11    Dex: 17    Spells: 10/10 levels left

rFire    . . .     SeeInvis +   g - +2 short sword
rCold    . . .     Faith    .   o - +3 buckler
rNeg     . . .     Spirit   .   e - +0 robe
rPois    .         Reflect  .   (helmet restricted)
rElec    .         Harm     .   (no cloak)
rCorr    .         Rampage  .   (gloves unavailable)
MR       +....                  (boots unavailable)
Stlth    ++++......             l - amulet of the acrobat
HPRegen  0.15/turn              (no ring)
MPRegen  0.13/turn              (no ring)

@: barbed spikes, very quick
A: very small, unfitting armour, see invisible, speed 3
a: Heroism, Renounce Religion


You were on level 8 of the Dungeon.
You worshipped Okawaru.
Okawaru was aware of your devotion.
You visited 2 branches of the dungeon, and saw 9 of its levels.
You also visited: Ossuary.

You collected 626 gold pieces.

Inventory:

Hand Weapons
 a - a +2 hand crossbow
 f - a +2 mace of venom
 g - a +2 short sword (weapon)
 k - a +0 dagger of holy wrath
 s - a +2 dagger of freezing
Missiles
 b - 34 bolts
Armour
 e - a +0 robe (worn)
 o - a +3 buckler (worn)
Jewellery
 h - an uncursed ring of magical power
 l - an amulet of the acrobat (around neck)
 y - an uncursed amulet of regeneration {unknown}
 B - an uncursed ring of magical power
Wands
 u - a wand of digging (7)
 F - a wand of acid (4)
 G - a wand of iceblast (1)
Scrolls
 d - 5 scrolls of teleportation
 n - a scroll of identify
 q - a scroll of blinking
 r - a scroll of amnesia
 C - 3 scrolls of fog
 E - 2 scrolls of remove curse
Potions
 c - 7 potions of curing
 i - 3 potions of mutation
 j - 2 potions of brilliance
 m - a potion of resistance
 p - 8 potions of flight
 t - 2 potions of lignification
 w - 2 potions of ambrosia {unknown}
 x - a potion of might {unknown}
 z - 4 potions of haste {unknown}
 A - 3 potions of magic
 D - a potion of heal wounds
 H - a potion of stabbing {unknown}


   Skills:
 + Level 4.7 Fighting
 + Level 6.0 Short Blades
 - Level 4.0 Crossbows
 - Level 1.0 Throwing
 - Level 4.4 Dodging
 + Level 7.7 Stealth
 - Level 6.8 Shields
 - Level 1.3 Spellcasting
   Level 1.0 Fire Magic
   Level 1.0 Poison Magic
 + Level 2.5 Invocations
 - Level 1.3 Evocations


You had 10 spell levels left.
You didn't know any spells.
Your spell library contained the following spells:

 Spells                   Type           Power        Failure   Level
 Beastly Appendage        Tmut           #.....       26%         1
 Wereblood                Tmut           #.......     38%         2
 Spider Form              Tmut/Pois      #.........   54%         3
 Ice Form                 Ice/Tmut       #.......     95%         4
 Blade Hands              Tmut           #.........   100%        5


Dungeon Overview and Level Annotations

Branches:
Dungeon (8/15)             Temple (1/1) D:7         Ossuary (visited)
   Lair: D:8-11

Altars:
Ashenzari
Cheibriados
Dithmenos
Elyvilon
Fedhas
Gozag
Hepliaklqana
Kikubaaqudgha
Makhleb
Nemelex Xobeh
Okawaru
Qazlal
Ru
Sif Muna
Trog
Uskayaw
Vehumet
Wu Jian
Xom
Yredelemnul
Zin
The Shining One

Shops:
D:7 *

Annotations:
D:4 Prince Ribbit


Innate Abilities, Weirdness & Mutations

You are very small and have problems with some larger weapons.
You are too small for most types of armour.
You have supernaturally acute eyesight. (SInv)
You cover ground extremely quickly.


Message History

You hit the manticore.
The manticore is lightly wounded.
The manticore closely misses you. The manticore claws you! x2
You hit the manticore.
The manticore is moderately wounded.
The manticore bites you! The manticore claws you.
* * * LOW HITPOINT WARNING * * *
The manticore misses you.
You are too injured to fight recklessly!
You are too injured to fight recklessly!
Evoke which item? (* to show all) (? for menu, Esc to quit)
Aiming: Corrosive Bolt
Press: ? - help, Shift-Dir - straight line, f - manticore
Aim: a manticore (moderately wounded)
The bolt of acid hits the manticore!
The manticore is splashed with acid!
The manticore is heavily wounded.
The manticore flicks its tail.
The volley of spikes hits you!
The barbed spikes become lodged in your body.
You die...

####.#######*,*
*,*****,* ***,
#..........##.# *,*
*,* *,,,
###.##.#####.##.# *,*
*,* *,**
#......#####.##.##*,*
*,* *,*
#.###.#..........#*,*
*,* *,* .,*
#.##....#....#*,* *,*
*,*
*.###.#..##...##.#*,#
*,* *,*
*............###.##.#
*,* *,*
*##.####.###....@.H.#
*,* *,* #,* #[#
#.###.#### *,* *,*
#.####.###.# #.# *,*
*,* #..<.......#*#.#
*,****,*
######.........#
*,,,,,,* ###########
********


You could see a manticore.

Vanquished Creatures
  A two-headed ogre (D:7)
  Eustachio (D:5)
  An orc warrior (D:6)
  2 sky beasts
  A black bear (D:6)
  2 phantoms (D:7)
  3 ogres
  2 centaurs
  3 bullfrogs
  A gnoll sergeant (D:3)
  A wyvern skeleton (D:6)
  2 scorpions
  A howler monkey (D:4)
  A bullfrog zombie (D:8)
  A jelly (D:8)
  A hound (D:6)
  2 orc priests (D:6)
  A bullfrog skeleton (D:6)
  A gnoll shaman (D:3)
  An iguana (D:5)
  An orc wizard (D:7)
  7 worker ants
  A hound zombie (D:5)
  9 mummies
  A worker ant zombie (D:7)
  4 adders
  38 gnolls
  A white imp (D:5)
  2 ufetubi
  2 oozes
  An adder zombie (D:5)
  2 worms
  5 leopard geckos
  31 orcs
  10 bats
  4 giant cockroaches
  2 gnoll zombies (Ossuary)
  7 goblins
  7 hobgoblins
  34 jackals
  8 kobolds
  5 quokkas
  4 ball pythons
  A ball python skeleton (D:6)
  2 frilled lizards (D:1)
  3 hobgoblin zombies
  A jackal skeleton (D:6)
  A kobold zombie (Ossuary)
  4 orc zombies
  2 quokka skeletons (D:4)
  A quokka zombie (D:5)
  4 rats (D:1)
234 creatures vanquished.

Vanquished Creatures (others)
  3 plants (D:3)
3 creatures vanquished.

Grand Total: 237 creatures vanquished

Notes
Turn   | Place    | Note
-------+----------+-------------------------------------------
     0 | D:1      | Ijustatesigmund the Spriggan Wanderer began the quest for
                  | the Orb.
     0 | D:1      | Ijustatesigmund set off with the following items: a +2 hand
                  | crossbow, 26 bolts, a potion of curing, a scroll of
                  | teleportation, a +0 robe
     0 | D:1      | Reached XP level 1. HP: 9/9 MP: 3/3
   293 | D:1      | Reached XP level 2. HP: 14/14 MP: 5/5
   370 | D:1      | Reached skill level 1 in Fighting
  1046 | D:2      | Reached skill level 1 in Short Blades
  1086 | D:1      | Reached XP level 3. HP: 11/18 MP: 6/6
  2306 | D:2      | Reached XP level 4. HP: 23/23 MP: 7/7
  2971 | D:3      | Noticed a centaur
  2988 | D:3      | Killed a centaur
  2988 | D:3      | Reached XP level 5. HP: 8/26 MP: 8/8
  3666 | D:3      | Reached skill level 1 in Shields
  4061 | D:4      | Reached XP level 6. HP: 27/30 MP: 9/9
  4064 | D:4      | Found a sand-covered staircase.
  4077 | Ossuary  | Entered an ossuary
  4678 | D:4      | Found a bloodstained altar of Trog.
  4882 | D:3      | Reached XP level 7. HP: 35/35 MP: 10/10
  5323 | D:3      | Reached skill level 5 in Shields
  8016 | D:5      | Entered Level 5 of the Dungeon
  8567 | D:5      | Reached XP level 8. HP: 12/39 MP: 11/11
  9145 | D:5      | Noticed Prince Ribbit
  9425 | D:4      | Upgraded the game from 0.26-a0-665-gefeb406119 to
                  | 0.26-a0-667-g92642533e4
  9636 | D:5      | Noticed Eustachio
 11199 | D:6      | Reached skill level 1 in Stealth
 11472 | D:6      | Reached skill level 2 in Stealth
 12866 | D:5      | Reached skill level 3 in Stealth
 13246 | D:5      | Killed Eustachio
 13246 | D:5      | Reached skill level 4 in Stealth
 14233 | D:6      | Reached XP level 9. HP: 26/44 MP: 12/12
 14469 | D:6      | Found a shimmering altar of Xom.
 14763 | D:7      | Reached skill level 5 in Stealth
 15510 | D:7      | Reached skill level 5 in Short Blades
 15510 | D:7      | Reached skill level 6 in Stealth
 15644 | D:7      | Found Xufeuwej's Mass Market.
 15865 | D:7      | Found a staircase to the Ecumenical Temple.
 15875 | Temple   | Entered the Ecumenical Temple
 15979 | Temple   | Became a worshipper of Warmaster Okawaru
 16182 | D:8      | Reached skill level 1 in Invocations
 16651 | D:8      | Noticed a two-headed ogre
 16698 | D:7      | Killed a two-headed ogre
 16698 | D:7      | Reached * piety under Okawaru
 16698 | D:7      | Reached skill level 7 in Stealth
 16820 | D:8      | Noticed a manticore
 16831 | D:8      | Killed from afar by a manticore

Illustrated notes

Levels and vault maps discovered:
D:1:      lightli_arrival_windingriver, layout_loops_ring
D:2:      layout_loops_ring
D:3:      lemuel_castle_with_subvaults [lemuel_castle_interior_carwin_3],
          layout_loops_cross
D:4:      layout_basic, nicolae_ossuary_entry_giza, trog_three_pillars_becter
D:5:      layout_cave_pods, uniq_prince_ribbit1, uniq_eustachio
D:6:      layout_basic, corexii_hall_statues_t, tgw_xom
D:7:      layout_loops_ring, temple_hall, kennysheep_nub, minmay_shop_mass,
          hangedman_abyss_or_decor_passed
D:8:      layout_loops_ring, roderic_lattice_a
Temple:   kilobyte_greek_temple

Skill      XL: |  1  2  3  4  5  6  7  8  9 |
---------------+----------------------------+-----
Dodging        | 2 3 4 |  4.4
Fighting       | 1 2 3 4 |  4.7
Short Blades   | 1 2 4 6 |  6.0
Shields        | 2 3 5 6 |  6.8
Stealth        | 4 7 |  7.7
Invocations    | 2 |  2.5
Crossbows      | |  4.0
Throwing       | |  1.0
Spellcasting   | |  1.3
Fire Magic     | |  1.0
Poison Magic   | |  1.0
Evocations     | |  1.3

Action                   |  1- 3 |  4- 6 |  7- 9 || total
-------------------------+-------+-------+-------++-------
Melee: Short sword       |   162 |   169 |   907 ||  1238
       Mace              |     3 |       |       ||     3
       Dagger            |       |       |     5 ||     5
 Fire: Hand crossbow     |    21 |   107 |   106 ||   234
Throw: Dart              |     2 |     2 |    48 ||    52
Evoke: Wand              |     1 |     3 |    12 ||    16
  Use: Scroll            |     8 |     3 |    12 ||    23
       Potion            |       |     1 |     9 ||    10
 Stab: Sleeping          |     1 |     1 |    15 ||    17
       Invisible         |     1 |       |    11 ||    12
Armor: Robe              |    24 |     4 |    33 ||    61
       Skin              |       |       |    11 ||    11
Dodge: Dodged            |   165 |   162 |   506 ||   833
Block: Buckler           |    48 |    52 |   433 ||   533

Table legend: (Time is in decaauts)
 A = Elapsed time spent in this place.
 B = Non-inter-level travel time spent in this place.
 C = Inter-level travel time spent in this place.
 D = Time resting spent in this place.
 E = Time spent auto-exploring this place.
 F = Levels seen in this place.
 G = Mean time per level.
                   A        B        C        D        E       F      G
               +--------+--------+--------+--------+--------+-----+--------+
         Total |  14326 |  14152 |    174 |   6229 |   5079 |  10 | 1432.6 |
       Dungeon |  13862 |  13711 |    151 |   6138 |   4864 |   8 | 1732.8 |
        Temple |     86 |     64 |     22 |      0 |     54 |   1 |   86.0 |
       Ossuary |    377 |    377 |      0 |     91 |    160 |   1 |  377.0 |
               +--------+--------+--------+--------+--------+-----+--------+

Top non-repeatable levels by time:
     D:3: 3347 daAuts
     D:6: 3102 daAuts
     D:5: 2317 daAuts
     D:2: 1270 daAuts
     D:4: 1249 daAuts
     D:7: 1122 daAuts
     D:1: 982 daAuts
     D:8: 469 daAuts
 Ossuary: 377 daAuts
  Temple: 86 daAuts
